Coyotes vs Flyers
Created - November 27, 2017 at 19:00
Goals
|
| Coyotes |
1 |
2 |
1 |
0 |
0 |
4 |
| Flyers |
2 |
1 |
1 |
0 |
1 |
5 |
|
Shots
|
| Coyotes |
8 |
14 |
13 |
2 |
3 |
37 |
| Flyers |
4 |
17 |
6 |
0 |
2 |
27 |
|
1st period
1. Flyers , Matthew Lombardi 4 (Rostislav Olesz 5) at 7:13
2. Flyers , Jakub Voracek 10 (Dany Heatley 7, Jeff Carter 19) at 18:00
3. Coyotes , Zach Parise 11 (Marian Gaborik 14, Nazem Kadri 10) at 19:23
Penalties :
Brad Richards (Ari) for Slashing (Minor) at 1:34, Kristopher Letang (Ari) for Hooking (Minor) at 10:11
2nd period
4. Coyotes , Chris Stewart 5 (Kristopher Letang 11, Tyler Ennis 13) at 8:43
5. Flyers , Wayne Simmonds 5 (Chris Kreider 11) at 11:28
6. Coyotes , Nazem Kadri 10 (Kristopher Letang 12, Tyler Ennis 14) at 15:14
Penalties :
Eric Brewer (Ari) for Tripping (Minor) at 19:29
3rd period
7. Coyotes , Nazem Kadri 11 (Marian Gaborik 15) at 11:57 (PP)
8. Flyers , Jean-Gabriel Pageau 2 (Jakub Voracek 18, Dany Heatley 8) at 19:52
Penalties :
Martin Samuelsson (Ari) for Diving (Minor) at 4:18, Matthew Lombardi (Phi) for Holding (Minor) at 11:49, Tyler Ennis (Ari) for Hooking (Minor) at 12:34, Jakub Voracek (Phi) for Tripping (Minor) at 15:02
Overtime #1
No Goal
Penalties :
No Penalty
Shootout
Penalty Shot by Tyler Ennis for Coyotes - Stopped by Cory Schneider
Penalty Shot by Kyle Wellwood for Flyers - Goal!
Penalty Shot by Marian Gaborik for Coyotes - Shot Misses the Net
Penalty Shot by Dany Heatley for Flyers - Stopped by Maxime Daigneault
Penalty Shot by Zach Parise for Coyotes - Shot Misses the Net
Penalties :
No Penalty
Goalie Stats
Maxime Daigneault (Ari), 23 saves from 27 shots - (0.852), OTL, 2-0-2, 65:00 minutes
Cory Schneider (Phi), 33 saves from 37 shots - (0.892), W, 6-4-3, 64:10 minutes
Players Stats for Coyotes
Player Name G A P +/- PIM S H SB GA TA FO MP PP MP PK MP
------------------------------------------------------------------------------------
Anton Stralman 0 0 0 0 0 1 0 2 1 1 0/0 25:51 0:57 4:02
Brad Richards 0 0 0 0 2 1 2 0 0 0 8/11 20:16 0:50 3:08
Brooks Laich 0 0 0 -2 0 0 1 0 1 0 0/1 8:44 0:00 0:11
Chris Neil 0 0 0 -1 0 0 0 0 0 0 0/0 6:33 0:00 0:00
Chris Stewart 1 0 1 0 0 1 1 1 0 1 0/0 14:35 0:50 0:00
Enver Lisin 0 0 0 -1 0 3 2 1 0 0 0/0 10:33 0:00 0:00
Eric Brewer 0 0 0 0 2 0 3 0 1 0 0/0 21:28 1:10 2:33
Greg Zanon 0 0 0 -2 0 1 0 1 2 1 0/0 19:45 0:00 5:55
Josh Gorges 0 0 0 0 0 0 1 0 1 1 0/0 22:48 0:00 4:19
Kristopher Letang 0 2 2 1 2 5 1 0 0 0 0/0 23:48 0:57 1:31
Marian Gaborik 0 2 2 1 0 7 3 1 0 0 2/2 18:50 1:17 0:00
Mark Bell 0 0 0 -1 0 3 2 0 0 0 0/1 17:22 0:19 4:50
Martin Samuelsson 0 0 0 -1 2 0 0 0 0 0 1/1 10:33 0:00 3:35
Maxim Talbot 0 0 0 -1 0 2 1 0 0 1 7/9 16:57 0:00 4:44
Michael Del Zotto 0 0 0 -1 0 1 1 0 0 0 0/0 14:56 1:10 1:02
Nazem Kadri 2 1 3 2 0 5 2 0 1 0 13/22 18:56 1:17 0:38
Tyler Ennis 0 2 2 0 2 5 0 0 1 0 0/2 15:16 0:50 0:26
Zach Parise 1 0 1 1 0 2 3 0 1 0 4/6 22:49 0:58 2:46
Players Stats for Flyers
Player Name G A P +/- PIM S H SB GA TA FO MP PP MP PK MP
------------------------------------------------------------------------------------
Alex Killorn 0 0 0 -1 0 2 1 0 0 0 0/0 9:32 0:00 0:00
Alexei Morozov 0 0 0 -1 0 1 3 1 0 0 0/0 10:34 0:46 0:00
Cam Fowler 0 0 0 0 0 0 0 0 0 0 0/0 20:30 4:23 0:00
Chris Kreider 0 1 1 0 0 1 2 3 2 0 1/2 24:59 5:48 0:42
Dany Heatley 0 2 2 1 0 3 5 0 1 0 8/21 26:47 4:45 0:00
Jakub Voracek 1 1 2 1 2 6 1 0 0 0 0/1 19:33 3:27 0:00
Jean-Gabriel Pageau 1 0 1 0 0 3 5 0 0 0 3/11 19:35 2:36 0:50
Jeff Carter 0 1 1 0 0 0 1 1 0 0 3/9 6:30 2:07 0:00
Jeff Woywitka 0 0 0 1 0 1 1 2 0 1 0/0 24:24 4:23 0:54
Jonathan Ericsson 0 0 0 1 0 2 0 1 1 3 0/0 30:51 5:32 1:13
Kyle Wellwood 0 0 0 0 0 1 2 0 0 1 3/8 17:19 3:54 0:25
Matthew Lombardi 1 0 1 1 2 1 0 1 0 0 1/2 10:23 0:00 0:52
Nathan Paetsch 0 0 0 0 0 1 1 1 0 0 0/0 14:13 0:00 0:54
Rostislav Olesz 0 1 1 1 0 1 0 1 0 0 0/0 11:48 0:40 1:00
Stefan Ruzicka 0 0 0 1 0 0 0 0 0 1 0/0 8:50 0:00 0:00
Stephane Robidas 0 0 0 0 0 1 1 3 1 2 0/0 26:47 5:32 1:13
Victor Bartley 0 0 0 0 0 2 0 0 0 0 0/0 13:15 0:00 0:00
Wayne Simmonds 1 0 1 0 0 1 4 1 0 1 1/1 22:01 5:42 0:25
3 Stars
1 - Nazem Kadri (Ari)
2 - Dany Heatley (Phi)
3 - Marian Gaborik (Ari)
Power Play
Coyotes - 1 on 2 Attempt(s) - 50.00%
Flyers - 0 on 5 Attempt(s) - 0.00%
Penalty Kill
Coyotes - 5 on 5 Attempt(s) - 100.00%
- Score 0 goal in Penalty Kill
Flyers - 1 on 2 Attempt(s) - 50.00%
- Score 0 goal in Penalty Kill
Team Stat
Coyotes - Hits : 23 - Faceoff Wins : 35 - Blocked Shots : 6 - Penalty Minutes : 10
Flyers - Hits : 27 - Faceoff Wins : 20 - Blocked Shots : 15 - Penalty Minutes : 4
Official
Referees : L'Ecuyer Frederick and Marouelli Dan
Linesman : Don Henderson and Bryan Pancich
Game Notes
Jeff Carter is injured at 19:05 of 1st period (Sore Right Knee)
Finance
Level 1 -- Attendance: 6000 (100.00%) -- Ticket Income $540,000
Level 2 -- Attendance: 4946 (98.92%) -- Ticket Income $272,030
Level 3 -- Attendance: 1787 (89.35%) -- Ticket Income $62,545
Level 4 -- Attendance: 3812 (95.30%) -- Ticket Income $95,300
Luxury Box -- Attendance: 842 (84.20%) -- Ticket Income $138,930
Game was played at the Wells Fargo Center.
Total Attendance: 17387 (96.59%)
Total Ticket Income: $1,108,805
Other Income: $166,321
Total Income: $1,275,126
Coyotes
5 vs 5 Forward
Center Left Wing Right Wing Time % Phy DF OF
1 Nazem Kadri Zach Parise Marian Gaborik 37 0 2 3
2 Brad Richards Tyler Ennis Chris Stewart 30 0 2 3
3 Maxim Talbot Mark Bell Enver Lisin 20 0 2 3
4 Brooks Laich Martin Samuelsson Chris Neil 13 1 2 2
5 vs 5 Defense
Defense Defense Time % Phy DF OF
1 Kristopher Letang Anton Stralman 42 1 2 2
2 Josh Gorges Eric Brewer 34 1 3 1
3 Michael Del Zotto Greg Zanon 24 1 3 1
4 Kristopher Letang Josh Gorges 0 1 2 2
PowerPlay Forward
Center Left Wing Right Wing Time % Phy DF OF
1 Nazem Kadri Zach Parise Marian Gaborik 60 1 0 4
2 Brad Richards Tyler Ennis Chris Stewart 40 1 0 4
PowerPlay Defense
Defense Defense Time % Phy DF OF
1 Kristopher Letang Anton Stralman 60 1 1 3
2 Michael Del Zotto Eric Brewer 40 1 1 3
Penalty Kill 4 Players Forward
Center Wing Time % Phy DF OF
1 Maxim Talbot Mark Bell 60 1 3 1
2 Brad Richards Martin Samuelsson 40 1 3 1
Penalty Kill 4 Players Defense
Defense Defense Time % Phy DF OF
1 Greg Zanon Josh Gorges 60 1 4 0
2 Anton Stralman Eric Brewer 40 1 4 0
Penalty Kill - 3 Players Forward
Forward Time % Phy DF OF
1 Brad Richards 60 1 3 1
2 Zach Parise 40 1 3 1
Penalty Kill - 3 Players Defense
Defense Defense Time % Phy DF OF
1 Greg Zanon Anton Stralman 60 1 4 0
2 Josh Gorges Eric Brewer 40 1 4 0
4 vs 4 Forward
Center Wing Time % Phy DF OF
1 Brad Richards Zach Parise 60 1 2 2
2 Nazem Kadri Marian Gaborik 40 1 2 2
4 vs 4 Defense
Defense Defense Time % Phy DF OF
1 Kristopher Letang Anton Stralman 60 1 2 2
2 Josh Gorges Eric Brewer 40 1 2 2
Last Minutes Offensive
Center Left Wing Right Wing Defense Defense
Brad Richards Zach Parise Marian Gaborik Kristopher Letang Anton Stralman
Last Minutes Defensive
Center Left Wing Right Wing Defense Defense
Brad Richards Zach Parise Marian Gaborik Greg Zanon Anton Stralman
Goaltenders
Starting : Maxime Daigneault
Backup : Ryan Miller
Extra Forwards
Normal : Mark Bell, Maxim Talbot, Brooks Laich - PP : Mark Bell, Maxim Talbot - PK : Zach Parise
Extra Defensemen
Normal : Michael Del Zotto, Greg Zanon, Anton Stralman - PP : Josh Gorges - PK : Kristopher Letang, Anton Stralman
Penalty Shots
Tyler Ennis, Marian Gaborik, Zach Parise, Brad Richards, Chris Stewart
Scratches
None
Flyers
5 vs 5 Forward
Center Left Wing Right Wing Time % Phy DF OF
1 Jeff Carter Chris Kreider Wayne Simmonds 40 1 1 3
2 Kyle Wellwood Dany Heatley Jakub Voracek 30 1 1 3
3 Jean-Gabriel Pageau Alex Killorn Alexei Morozov 20 0 2 3
4 Matthew Lombardi Rostislav Olesz Stefan Ruzicka 10 0 5 0
5 vs 5 Defense
Defense Defense Time % Phy DF OF
1 Jonathan Ericsson Stephane Robidas 40 1 2 2
2 Cam Fowler Jeff Woywitka 30 1 2 2
3 Nathan Paetsch Victor Bartley 20 1 2 2
4 Jonathan Ericsson Jeff Woywitka 10 0 2 3
PowerPlay Forward
Center Left Wing Right Wing Time % Phy DF OF
1 Jeff Carter Chris Kreider Wayne Simmonds 60 1 0 4
2 Kyle Wellwood Dany Heatley Jakub Voracek 40 1 0 4
PowerPlay Defense
Defense Defense Time % Phy DF OF
1 Jonathan Ericsson Stephane Robidas 60 0 2 3
2 Cam Fowler Jeff Woywitka 40 0 2 3
Penalty Kill 4 Players Forward
Center Wing Time % Phy DF OF
1 Matthew Lombardi Rostislav Olesz 60 0 5 0
2 Kyle Wellwood Wayne Simmonds 40 0 4 1
Penalty Kill 4 Players Defense
Defense Defense Time % Phy DF OF
1 Jonathan Ericsson Stephane Robidas 60 0 5 0
2 Jeff Woywitka Nathan Paetsch 40 0 5 0
Penalty Kill - 3 Players Forward
Forward Time % Phy DF OF
1 Matthew Lombardi 60 0 5 0
2 Kyle Wellwood 40 0 4 1
Penalty Kill - 3 Players Defense
Defense Defense Time % Phy DF OF
1 Jonathan Ericsson Stephane Robidas 60 0 5 0
2 Jeff Woywitka Nathan Paetsch 40 0 5 0
4 vs 4 Forward
Center Wing Time % Phy DF OF
1 Jeff Carter Chris Kreider 60 1 2 2
2 Kyle Wellwood Dany Heatley 40 0 2 3
4 vs 4 Defense
Defense Defense Time % Phy DF OF
1 Jonathan Ericsson Stephane Robidas 60 1 2 2
2 Cam Fowler Jeff Woywitka 40 1 2 2
Last Minutes Offensive
Center Left Wing Right Wing Defense Defense
Jeff Carter Dany Heatley Jakub Voracek Jonathan Ericsson Jeff Woywitka
Last Minutes Defensive
Center Left Wing Right Wing Defense Defense
Matthew Lombardi Dany Heatley Wayne Simmonds Jonathan Ericsson Jeff Woywitka
Goaltenders
Starting : Cory Schneider
Backup : Steve Mason
Extra Forwards
Normal : Jeff Carter, Dany Heatley, Jakub Voracek - PP : Jeff Carter, Dany Heatley - PK : Matthew Lombardi
Extra Defensemen
Normal : Jonathan Ericsson, Stephane Robidas, Jeff Woywitka - PP : Jonathan Ericsson - PK : Jonathan Ericsson, Jeff Woywitka
Penalty Shots
Jeff Carter, Kyle Wellwood, Dany Heatley, Alexei Morozov, Jakub Voracek
Scratches
Marcus Kruger (Left Eye Injury), Jeff Carter (Sore Right Knee Injury), Matt Smaby (Strained Back Injury)
% Time on Ice - Coyotes
Lines # - Real PCT - Wanted PCT - Time Play
Normal Forward
1 - 34% - 37% - 15:47
2 - 30% - 30% - 14:08
3 - 23% - 20% - 10:33
4 - 14% - 13% - 6:22
Normal Defense
1 - 38% - 42% - 17:40
2 - 34% - 34% - 16:07
3 - 23% - 24% - 10:45
4 - 5% - 0% - 2:18
PP Forward
1 - 61% - 60% - 1:17
2 - 39% - 40% - 0:50
PP Defense
1 - 45% - 60% - 0:57
2 - 55% - 40% - 1:10
PK Forward
1 - 70% - 60% - 6:58
2 - 30% - 40% - 2:57
PK Defense
1 - 69% - 60% - 6:48
2 - 31% - 40% - 3:07
PK3 Forward
1 - 0% - 60%
2 - 0% - 40%
PK3 Defense
1 - 0% - 60%
2 - 0% - 40%
44 Forward
1 - 73% - 60% - 3:40
2 - 27% - 40% - 1:20
44 Defense
1 - 67% - 60% - 3:21
2 - 33% - 40% - 1:39
Last Minute Offensive - 0:00
Last Minute Defensive - 1:08
Total
Forward - 65:00
Defense - 65:00
|
% Time on Ice - Flyers
Lines # - Real PCT - Wanted PCT - Time Play
Normal Forward
1 - 34% - 40% - 15:57
2 - 27% - 30% - 12:43
3 - 20% - 20% - 9:32
4 - 19% - 10% - 8:50
Normal Defense
1 - 37% - 40% - 17:13
2 - 30% - 30% - 14:11
3 - 28% - 20% - 13:04
4 - 5% - 10% - 2:34
PP Forward
1 - 65% - 60% - 6:28
2 - 35% - 40% - 3:27
PP Defense
1 - 56% - 60% - 5:32
2 - 44% - 40% - 4:23
PK Forward
1 - 80% - 60% - 1:42
2 - 20% - 40% - 0:25
PK Defense
1 - 57% - 60% - 1:13
2 - 43% - 40% - 0:54
PK3 Forward
1 - 0% - 60%
2 - 0% - 40%
PK3 Defense
1 - 0% - 60%
2 - 0% - 40%
44 Forward
1 - 100% - 60% - 5:00
2 - 0% - 40% - 0:00
44 Defense
1 - 56% - 60% - 2:49
2 - 44% - 40% - 2:11
Last Minute Offensive - 0:56
Last Minute Defensive - 0:00
Total
Forward - 65:00
Defense - 65:00
|
Play by Play
1st period
0:01 of 1st period - Nazem Kadri wins face-off versus Jeff Carter in neutral zone.
0:37 of 1st period - Snap shot by Dany Heatley.
0:37 of 1st period - Stopped by Maxime Daigneault with a rebound.
1:34 of 1st period - Minor Penalty to Brad Richards for Slashing.
1:35 of 1st period - Maxim Talbot wins face-off versus Jeff Carter in Coyotes zone.
2:00 of 1st period - Martin Samuelsson is hit by Dany Heatley and loses puck.
2:54 of 1st period - Dany Heatley is hit by Josh Gorges and loses puck.
3:11 of 1st period - Martin Samuelsson is hit by Wayne Simmonds and loses puck.
3:34 of 1st period - Penalty to Brad Richards is over, Brad Richards is back on ice.
3:44 of 1st period - Jeff Woywitka is hit by Brad Richards and loses puck.
4:07 of 1st period - Marian Gaborik is hit by Jean-Gabriel Pageau and loses puck.
4:55 of 1st period - Matthew Lombardi is hit by Zach Parise and loses puck.
5:40 of 1st period - Wrist shot by Brad Richards.
5:40 of 1st period - Shot Hit the Post.
5:42 of 1st period - Slapshot by Kristopher Letang.
5:42 of 1st period - Deflect By Stephane Robidas.
5:42 of 1st period - Stopped by Cory Schneider without a rebound.
5:43 of 1st period - Nazem Kadri wins face-off versus Jeff Carter in Flyers zone.
6:58 of 1st period - Wrist shot by Chris Kreider.
6:58 of 1st period - Shot Misses the Net.
7:08 of 1st period - Enver Lisin is hit by Nathan Paetsch and loses puck.
7:13 of 1st period - Wrist shot by Matthew Lombardi.
7:13 of 1st period - Goal by Matthew Lombardi - Coyotes : 0 - Flyers : 1.
7:14 of 1st period - Jeff Carter wins face-off versus Nazem Kadri in neutral zone.
7:44 of 1st period - Eric Brewer is hit by Jeff Woywitka and loses puck.
7:49 of 1st period - Wrist shot by Jakub Voracek.
7:49 of 1st period - Shot Misses the Net.
8:05 of 1st period - Eric Brewer is hit by Alex Killorn and loses puck.
8:24 of 1st period - Backhand shot by Brad Richards.
8:24 of 1st period - Shot Blocked by Nathan Paetsch.
8:40 of 1st period - Nazem Kadri is hit by Jakub Voracek and loses puck.
8:45 of 1st period - Slapshot by Dany Heatley.
8:45 of 1st period - Shot Misses the Net.
8:55 of 1st period - Jonathan Ericsson is hit by Mark Bell and loses puck.
10:11 of 1st period - Minor Penalty to Kristopher Letang for Hooking.
10:12 of 1st period - Maxim Talbot wins face-off versus Jeff Carter in Coyotes zone.
10:12 of 1st period - Maxim Talbot is hit by Wayne Simmonds.
10:43 of 1st period - Wrist shot by Jakub Voracek.
10:43 of 1st period - Stopped by Maxime Daigneault with a rebound.
12:11 of 1st period - Penalty to Kristopher Letang is over, Kristopher Letang is back on ice.
12:23 of 1st period - Alex Killorn is hit by Nazem Kadri and loses puck.
13:31 of 1st period - Jonathan Ericsson is hit by Marian Gaborik and loses puck.
13:48 of 1st period - Jakub Voracek is hit by Kristopher Letang and loses puck.
14:24 of 1st period - Martin Samuelsson is hit by Jeff Carter and loses puck.
14:41 of 1st period - Greg Zanon is hit by Jean-Gabriel Pageau and loses puck.
15:02 of 1st period - Chris Stewart is hit by Dany Heatley and loses puck.
15:29 of 1st period - Anton Stralman is hit by Wayne Simmonds and loses puck.
16:02 of 1st period - Slapshot by Kyle Wellwood.
16:02 of 1st period - Shot Misses the Net.
16:04 of 1st period - Snap shot by Dany Heatley.
16:04 of 1st period - Shot Misses the Net.
16:06 of 1st period - Slapshot by Victor Bartley.
16:06 of 1st period - Shot Blocked by Anton Stralman.
16:20 of 1st period - Snap shot by Tyler Ennis.
16:20 of 1st period - Stopped by Cory Schneider with a rebound.
16:22 of 1st period - Snap shot by Brad Richards.
16:22 of 1st period - Deflect By Tyler Ennis.
16:22 of 1st period - Shot Blocked by Chris Kreider.
16:22 of 1st period - Puck is out of play.
16:23 of 1st period - Jeff Carter wins face-off versus Tyler Ennis in Flyers zone.
16:46 of 1st period - Martin Samuelsson is hit by Dany Heatley and loses puck.
17:23 of 1st period - Alex Killorn is hit by Zach Parise and loses puck.
17:28 of 1st period - Backhand shot by Nazem Kadri.
17:28 of 1st period - Stopped by Cory Schneider without a rebound.
17:29 of 1st period - Nazem Kadri wins face-off versus Jeff Carter in Flyers zone.
17:30 of 1st period - Snap shot by Marian Gaborik.
17:30 of 1st period - Shot Misses the Net.
18:00 of 1st period - Snap shot by Jakub Voracek.
18:00 of 1st period - Goal by Jakub Voracek - Coyotes : 0 - Flyers : 2.
18:01 of 1st period - Jeff Carter wins face-off versus Nazem Kadri in neutral zone.
18:53 of 1st period - Snap shot by Enver Lisin.
18:53 of 1st period - Shot Misses the Net.
18:55 of 1st period - Snap shot by Mark Bell.
18:55 of 1st period - Shot Misses the Net.
19:01 of 1st period - Snap shot by Mark Bell.
19:01 of 1st period - Stopped by Cory Schneider with a rebound.
19:03 of 1st period - Slapshot by Mark Bell.
19:03 of 1st period - Stopped by Cory Schneider without a rebound.
19:04 of 1st period - Nazem Kadri wins face-off versus Jeff Carter in Flyers zone.
19:05 of 1st period - Snap shot by Zach Parise.
19:05 of 1st period - Shot Blocked by Jeff Carter.
19:05 of 1st period - Jeff Carter from Flyers is injured at 19:05 of 1st period (Sore Right Knee).
19:06 of 1st period - Dany Heatley wins face-off versus Zach Parise in Flyers zone.
19:21 of 1st period - Snap shot by Marian Gaborik.
19:21 of 1st period - Stopped by Cory Schneider with a rebound.
19:23 of 1st period - Wrist shot by Zach Parise.
19:23 of 1st period - Goal by Zach Parise - Coyotes : 1 - Flyers : 2.
19:24 of 1st period - Nazem Kadri wins face-off versus Dany Heatley in neutral zone.
19:33 of 1st period - Backhand shot by Nazem Kadri.
19:33 of 1st period - Stopped by Cory Schneider with a rebound.
19:35 of 1st period - Wrist shot by Marian Gaborik.
19:35 of 1st period - Shot Blocked by Stephane Robidas.
Goals for this period are 1 for Coyotes vs 2 for Flyers.
Shots for this period are 8 for Coyotes vs 4 for Flyers.
2nd period
0:01 of 2nd period - Dany Heatley wins face-off versus Nazem Kadri in neutral zone.
0:16 of 2nd period - Slapshot by Chris Kreider.
0:16 of 2nd period - Stopped by Maxime Daigneault with a rebound.
0:26 of 2nd period - Alex Killorn is hit by Eric Brewer.
0:27 of 2nd period - Icing by Alex Killorn.
0:28 of 2nd period - Brad Richards wins face-off versus Jean-Gabriel Pageau in Flyers zone.
0:53 of 2nd period - Slapshot by Alex Killorn.
0:53 of 2nd period - Stopped by Maxime Daigneault without a rebound.
0:54 of 2nd period - Zach Parise wins face-off versus Dany Heatley in Coyotes zone.
1:07 of 2nd period - Slapshot by Chris Kreider.
1:07 of 2nd period - Shot Misses the Net.
1:23 of 2nd period - Slapshot by Eric Brewer.
1:23 of 2nd period - Deflect By Mark Bell.
1:23 of 2nd period - Shot Misses the Net.
1:23 of 2nd period - Puck is out of play.
1:24 of 2nd period - Maxim Talbot wins face-off versus Kyle Wellwood in Flyers zone.
1:33 of 2nd period - Snap shot by Mark Bell.
1:33 of 2nd period - Shot Blocked by Jeff Woywitka.
1:44 of 2nd period - Snap shot by Enver Lisin.
1:44 of 2nd period - Shot Misses the Net.
1:48 of 2nd period - Slapshot by Maxim Talbot.
1:48 of 2nd period - Stopped by Cory Schneider with a rebound.
1:54 of 2nd period - Enver Lisin is hit by Wayne Simmonds and loses puck.
2:31 of 2nd period - Chris Stewart is hit by Dany Heatley and loses puck.
2:58 of 2nd period - Backhand shot by Brooks Laich.
2:58 of 2nd period - Shot Misses the Net.
3:13 of 2nd period - Slapshot by Stephane Robidas.
3:13 of 2nd period - Shot Misses the Net.
3:29 of 2nd period - Snap shot by Maxim Talbot.
3:29 of 2nd period - Shot Misses the Net.
3:31 of 2nd period - Snap shot by Eric Brewer.
3:31 of 2nd period - Shot Blocked by Chris Kreider.
3:41 of 2nd period - Slapshot by Jonathan Ericsson.
3:41 of 2nd period - Stopped by Maxime Daigneault with a rebound.
3:43 of 2nd period - Wrist shot by Stephane Robidas.
3:43 of 2nd period - Stopped by Maxime Daigneault without a rebound.
3:44 of 2nd period - Brad Richards wins face-off versus Kyle Wellwood in Coyotes zone.
3:49 of 2nd period - Jeff Woywitka is hit by Brad Richards and loses puck.
4:25 of 2nd period - Snap shot by Tyler Ennis.
4:25 of 2nd period - Shot Misses the Net.
4:27 of 2nd period - Slapshot by Anton Stralman.
4:27 of 2nd period - Stopped by Cory Schneider with a rebound.
4:29 of 2nd period - Snap shot by Tyler Ennis.
4:29 of 2nd period - Stopped by Cory Schneider without a rebound.
4:30 of 2nd period - Matthew Lombardi wins face-off versus Zach Parise in Flyers zone.
4:57 of 2nd period - Maxim Talbot is hit by Alexei Morozov and loses puck.
5:56 of 2nd period - Chris Kreider is hit by Enver Lisin and loses puck.
6:19 of 2nd period - Snap shot by Alex Killorn.
6:19 of 2nd period - Stopped by Maxime Daigneault without a rebound.
6:20 of 2nd period - Kyle Wellwood wins face-off versus Nazem Kadri in Coyotes zone.
6:25 of 2nd period - Snap shot by Jakub Voracek.
6:25 of 2nd period - Stopped by Maxime Daigneault with a rebound.
6:27 of 2nd period - Slapshot by Dany Heatley.
6:27 of 2nd period - Stopped by Maxime Daigneault with a rebound.
6:29 of 2nd period - Snap shot by Jakub Voracek.
6:29 of 2nd period - Stopped by Maxime Daigneault without a rebound.
6:30 of 2nd period - Zach Parise wins face-off versus Kyle Wellwood in Coyotes zone.
6:47 of 2nd period - Wrist shot by Kyle Wellwood.
6:47 of 2nd period - Shot Misses the Net.
6:49 of 2nd period - Slapshot by Nathan Paetsch.
6:49 of 2nd period - Shot Blocked by Anton Stralman.
6:51 of 2nd period - Snap shot by Victor Bartley.
6:51 of 2nd period - Deflect By Jakub Voracek.
6:51 of 2nd period - Stopped by Maxime Daigneault with a rebound.
6:53 of 2nd period - Slapshot by Kyle Wellwood.
6:53 of 2nd period - Shot Misses the Net.
7:01 of 2nd period - Snap shot by Kyle Wellwood.
7:01 of 2nd period - Stopped by Maxime Daigneault with a rebound.
7:03 of 2nd period - Wrist shot by Victor Bartley.
7:03 of 2nd period - Shot Misses the Net.
7:07 of 2nd period - Snap shot by Jakub Voracek.
7:07 of 2nd period - Stopped by Maxime Daigneault with a rebound.
7:09 of 2nd period - Slapshot by Victor Bartley.
7:09 of 2nd period - Deflect By Anton Stralman.
7:09 of 2nd period - Stopped by Maxime Daigneault with a rebound.
7:11 of 2nd period - Backhand shot by Victor Bartley.
7:11 of 2nd period - Stopped by Maxime Daigneault with a rebound.
7:13 of 2nd period - Snap shot by Dany Heatley.
7:13 of 2nd period - Stopped by Maxime Daigneault without a rebound.
7:14 of 2nd period - Jean-Gabriel Pageau wins face-off versus Brad Richards in Coyotes zone.
7:41 of 2nd period - Jonathan Ericsson is hit by Maxim Talbot.
8:07 of 2nd period - Greg Zanon is hit by Jean-Gabriel Pageau and loses puck.
8:20 of 2nd period - Chris Kreider is hit by Marian Gaborik and loses puck.
8:37 of 2nd period - Snap shot by Zach Parise.
8:37 of 2nd period - Stopped by Cory Schneider with a rebound.
8:41 of 2nd period - Slapshot by Tyler Ennis.
8:41 of 2nd period - Stopped by Cory Schneider with a rebound.
8:43 of 2nd period - Slapshot by Kristopher Letang.
8:43 of 2nd period - Deflect By Chris Stewart.
8:43 of 2nd period - Goal by Chris Stewart - Coyotes : 2 - Flyers : 2.
8:44 of 2nd period - Dany Heatley wins face-off versus Nazem Kadri in neutral zone.
10:18 of 2nd period - Stephane Robidas is hit by Marian Gaborik and loses puck.
10:43 of 2nd period - Alexei Morozov is hit by Enver Lisin and loses puck.
11:11 of 2nd period - Wrist shot by Tyler Ennis.
11:11 of 2nd period - Shot Misses the Net.
11:21 of 2nd period - Martin Samuelsson is hit by Chris Kreider and loses puck.
11:28 of 2nd period - Snap shot by Wayne Simmonds.
11:28 of 2nd period - Goal by Wayne Simmonds - Coyotes : 2 - Flyers : 3.
11:29 of 2nd period - Nazem Kadri wins face-off versus Dany Heatley in neutral zone.
11:38 of 2nd period - Wrist shot by Marian Gaborik.
11:38 of 2nd period - Shot Misses the Net.
11:40 of 2nd period - Slapshot by Anton Stralman.
11:40 of 2nd period - Shot Misses the Net.
11:42 of 2nd period - Slapshot by Kristopher Letang.
11:42 of 2nd period - Deflect By Zach Parise.
11:42 of 2nd period - Deflect By Dany Heatley.
11:42 of 2nd period - Shot Misses the Net.
11:42 of 2nd period - Puck is out of play.
11:43 of 2nd period - Kyle Wellwood wins face-off versus Nazem Kadri in Flyers zone.
12:32 of 2nd period - Snap shot by Mark Bell.
12:32 of 2nd period - Stopped by Cory Schneider with a rebound.
12:40 of 2nd period - Slapshot by Rostislav Olesz.
12:40 of 2nd period - Stopped by Maxime Daigneault with a rebound.
13:21 of 2nd period - Icing by Wayne Simmonds.
13:22 of 2nd period - Brad Richards wins face-off versus Jean-Gabriel Pageau in Flyers zone.
13:56 of 2nd period - Slapshot by Chris Kreider.
13:56 of 2nd period - Shot Misses the Net.
13:58 of 2nd period - Snap shot by Chris Kreider.
13:58 of 2nd period - Deflect By Kristopher Letang.
13:58 of 2nd period - Shot Misses the Net.
13:58 of 2nd period - Puck is out of play.
13:59 of 2nd period - Nazem Kadri wins face-off versus Kyle Wellwood in Coyotes zone.
14:30 of 2nd period - Slapshot by Josh Gorges.
14:30 of 2nd period - Shot Blocked by Rostislav Olesz.
14:32 of 2nd period - Backhand shot by Maxim Talbot.
14:32 of 2nd period - Shot Blocked by Matthew Lombardi.
14:34 of 2nd period - Snap shot by Mark Bell.
14:34 of 2nd period - Shot Misses the Net.
14:36 of 2nd period - Wrist shot by Mark Bell.
14:36 of 2nd period - Shot Blocked by Stephane Robidas.
14:38 of 2nd period - Slapshot by Maxim Talbot.
14:38 of 2nd period - Shot Misses the Net.
14:40 of 2nd period - Snap shot by Maxim Talbot.
14:40 of 2nd period - Stopped by Cory Schneider without a rebound.
14:41 of 2nd period - Brad Richards wins face-off versus Dany Heatley in Flyers zone.
14:42 of 2nd period - Snap shot by Tyler Ennis.
14:42 of 2nd period - Stopped by Cory Schneider without a rebound.
14:43 of 2nd period - Chris Kreider wins face-off versus Brad Richards in Flyers zone.
15:14 of 2nd period - Wrist shot by Nazem Kadri.
15:14 of 2nd period - Goal by Nazem Kadri - Coyotes : 3 - Flyers : 3.
15:15 of 2nd period - Zach Parise wins face-off versus Dany Heatley in neutral zone.
15:18 of 2nd period - Wrist shot by Nazem Kadri.
15:18 of 2nd period - Stopped by Cory Schneider with a rebound.
15:51 of 2nd period - Wrist shot by Tyler Ennis.
15:51 of 2nd period - Shot Blocked by Alexei Morozov.
15:58 of 2nd period - Icing by Jeff Woywitka.
15:59 of 2nd period - Maxim Talbot wins face-off versus Jean-Gabriel Pageau in Flyers zone.
16:16 of 2nd period - Slapshot by Marian Gaborik.
16:16 of 2nd period - Stopped by Cory Schneider with a rebound.
16:57 of 2nd period - Icing by Josh Gorges.
16:58 of 2nd period - Maxim Talbot wins face-off versus Jakub Voracek in Coyotes zone.
17:05 of 2nd period - Snap shot by Maxim Talbot.
17:05 of 2nd period - Shot Misses the Net.
17:43 of 2nd period - Snap shot by Enver Lisin.
17:43 of 2nd period - Stopped by Cory Schneider with a rebound.
17:58 of 2nd period - Nathan Paetsch is hit by Mark Bell and loses puck.
18:09 of 2nd period - Backhand shot by Enver Lisin.
18:09 of 2nd period - Stopped by Cory Schneider with a rebound.
18:23 of 2nd period - Eric Brewer is hit by Dany Heatley and loses puck.
19:05 of 2nd period - Slapshot by Nathan Paetsch.
19:05 of 2nd period - Stopped by Maxime Daigneault with a rebound.
19:07 of 2nd period - Snap shot by Dany Heatley.
19:07 of 2nd period - Shot Blocked by Enver Lisin.
19:14 of 2nd period - Icing by Maxim Talbot.
19:15 of 2nd period - Jean-Gabriel Pageau wins face-off versus Mark Bell in Coyotes zone.
19:29 of 2nd period - Minor Penalty to Eric Brewer for Tripping.
19:30 of 2nd period - Martin Samuelsson wins face-off versus Chris Kreider in Coyotes zone.
19:30 of 2nd period - Martin Samuelsson is hit by Chris Kreider.
19:42 of 2nd period - Off-side.
19:43 of 2nd period - Brad Richards wins face-off versus Jean-Gabriel Pageau in neutral zone.
Goals for this period are 2 for Coyotes vs 1 for Flyers.
Shots for this period are 14 for Coyotes vs 17 for Flyers.
3rd period
0:01 of 3rd period - Maxim Talbot wins face-off versus Dany Heatley in neutral zone.
0:13 of 3rd period - Off-side.
0:14 of 3rd period - Maxim Talbot wins face-off versus Dany Heatley in neutral zone.
0:44 of 3rd period - Greg Zanon is hit by Kyle Wellwood and loses puck.
1:29 of 3rd period - Penalty to Eric Brewer is over, Eric Brewer is back on ice.
2:06 of 3rd period - Greg Zanon is hit by Kyle Wellwood and loses puck.
2:17 of 3rd period - Alex Killorn is hit by Brooks Laich and loses puck.
2:53 of 3rd period - Icing by Kyle Wellwood.
2:54 of 3rd period - Kyle Wellwood wins face-off versus Tyler Ennis in Flyers zone.
3:23 of 3rd period - Wrist shot by Alex Killorn.
3:23 of 3rd period - Shot Blocked by Marian Gaborik.
3:41 of 3rd period - Josh Gorges is hit by Stephane Robidas and loses puck.
4:08 of 3rd period - Wrist shot by Wayne Simmonds.
4:08 of 3rd period - Shot Misses the Net.
4:10 of 3rd period - Slapshot by Jonathan Ericsson.
4:10 of 3rd period - Shot Misses the Net.
4:18 of 3rd period - Minor Penalty to Martin Samuelsson for Diving.
4:19 of 3rd period - Wayne Simmonds wins face-off versus Maxim Talbot in Coyotes zone.
4:20 of 3rd period - Wrist shot by Chris Kreider.
4:20 of 3rd period - Shot Misses the Net.
5:24 of 3rd period - Eric Brewer is hit by Jean-Gabriel Pageau and loses puck.
5:51 of 3rd period - Josh Gorges is hit by Alexei Morozov and loses puck.
6:18 of 3rd period - Penalty to Martin Samuelsson is over, Martin Samuelsson is back on ice.
7:03 of 3rd period - Wrist shot by Alexei Morozov.
7:03 of 3rd period - Stopped by Maxime Daigneault without a rebound.
7:04 of 3rd period - Nazem Kadri wins face-off versus Jean-Gabriel Pageau in Coyotes zone.
8:37 of 3rd period - Brad Richards is hit by Alexei Morozov and loses puck.
9:03 of 3rd period - Off-side.
9:04 of 3rd period - Marian Gaborik wins face-off versus Dany Heatley in neutral zone.
9:07 of 3rd period - Slapshot by Kristopher Letang.
9:07 of 3rd period - Shot Blocked by Wayne Simmonds.
9:09 of 3rd period - Wrist shot by Kristopher Letang.
9:09 of 3rd period - Stopped by Cory Schneider with a rebound.
9:11 of 3rd period - Slapshot by Eric Brewer.
9:11 of 3rd period - Shot Misses the Net.
9:13 of 3rd period - Slapshot by Eric Brewer.
9:13 of 3rd period - Deflect By Zach Parise.
9:13 of 3rd period - Shot Misses the Net.
9:13 of 3rd period - Puck is out of play.
9:14 of 3rd period - Zach Parise wins face-off versus Dany Heatley in Flyers zone.
9:29 of 3rd period - Jeff Woywitka is hit by Eric Brewer and loses puck.
9:36 of 3rd period - Wrist shot by Zach Parise.
9:36 of 3rd period - Shot Blocked by Jeff Woywitka.
9:38 of 3rd period - Wrist shot by Zach Parise.
9:38 of 3rd period - Shot Blocked by Chris Kreider.
9:40 of 3rd period - Snap shot by Greg Zanon.
9:40 of 3rd period - Stopped by Cory Schneider with a rebound.
9:42 of 3rd period - Slapshot by Michael Del Zotto.
9:42 of 3rd period - Stopped by Cory Schneider without a rebound.
9:43 of 3rd period - Brad Richards wins face-off versus Jean-Gabriel Pageau in Flyers zone.
9:54 of 3rd period - Slapshot by Tyler Ennis.
9:54 of 3rd period - Stopped by Cory Schneider with a rebound.
9:56 of 3rd period - Snap shot by Brad Richards.
9:56 of 3rd period - Shot Blocked by Stephane Robidas.
9:58 of 3rd period - Snap shot by Brad Richards.
9:58 of 3rd period - Stopped by Cory Schneider without a rebound.
9:59 of 3rd period - Dany Heatley wins face-off versus Nazem Kadri in Flyers zone.
10:10 of 3rd period - Wrist shot by Nazem Kadri.
10:10 of 3rd period - Deflect By Stephane Robidas.
10:10 of 3rd period - Shot Misses the Net.
10:10 of 3rd period - Puck is out of play.
10:11 of 3rd period - Dany Heatley wins face-off versus Nazem Kadri in Flyers zone.
10:16 of 3rd period - Wayne Simmonds is hit by Zach Parise and loses puck.
10:21 of 3rd period - Backhand shot by Marian Gaborik.
10:21 of 3rd period - Stopped by Cory Schneider without a rebound.
10:22 of 3rd period - Nazem Kadri wins face-off versus Dany Heatley in Flyers zone.
10:23 of 3rd period - Snap shot by Marian Gaborik.
10:23 of 3rd period - Shot Misses the Net.
10:25 of 3rd period - Slapshot by Kristopher Letang.
10:25 of 3rd period - Stopped by Cory Schneider with a rebound.
10:27 of 3rd period - Snap shot by Marian Gaborik.
10:27 of 3rd period - Shot Hit the Post.
10:29 of 3rd period - Slapshot by Anton Stralman.
10:29 of 3rd period - Shot Misses the Net.
10:57 of 3rd period - Wrist shot by Stephane Robidas.
10:57 of 3rd period - Shot Misses the Net.
10:59 of 3rd period - Snap shot by Alexei Morozov.
10:59 of 3rd period - Shot Blocked by Chris Stewart.
11:35 of 3rd period - Wrist shot by Enver Lisin.
11:35 of 3rd period - Stopped by Cory Schneider with a rebound.
11:49 of 3rd period - Minor Penalty to Matthew Lombardi for Holding.
11:50 of 3rd period - Nazem Kadri wins face-off versus Jean-Gabriel Pageau in Flyers zone.
11:57 of 3rd period - Snap shot by Nazem Kadri.
11:57 of 3rd period - Goal by Nazem Kadri - Coyotes : 4 - Flyers : 3.
11:58 of 3rd period - Nazem Kadri wins face-off versus Dany Heatley in neutral zone.
12:03 of 3rd period - Wrist shot by Marian Gaborik.
12:03 of 3rd period - Stopped by Cory Schneider with a rebound.
12:05 of 3rd period - Slapshot by Kristopher Letang.
12:05 of 3rd period - Stopped by Cory Schneider with a rebound.
12:07 of 3rd period - Slapshot by Kristopher Letang.
12:07 of 3rd period - Stopped by Cory Schneider with a rebound.
12:09 of 3rd period - Snap shot by Nazem Kadri.
12:09 of 3rd period - Shot Misses the Net.
12:32 of 3rd period - Snap shot by Jean-Gabriel Pageau.
12:32 of 3rd period - Stopped by Maxime Daigneault with a rebound.
12:34 of 3rd period - Minor Penalty to Tyler Ennis for Hooking.
12:35 of 3rd period - Dany Heatley wins face-off versus Maxim Talbot in Coyotes zone.
14:34 of 3rd period - Penalty to Tyler Ennis is over, Tyler Ennis is back on ice.
15:02 of 3rd period - Minor Penalty to Jakub Voracek for Tripping.
15:03 of 3rd period - Marian Gaborik wins face-off versus Matthew Lombardi in Flyers zone.
15:31 of 3rd period - Stephane Robidas is hit by Chris Stewart and loses puck.
15:59 of 3rd period - Jean-Gabriel Pageau is hit by Eric Brewer and loses puck.
16:52 of 3rd period - Jeff Woywitka is hit by Michael Del Zotto and loses puck.
17:02 of 3rd period - Penalty to Jakub Voracek is over, Jakub Voracek is back on ice.
17:29 of 3rd period - Josh Gorges is hit by Jean-Gabriel Pageau and loses puck.
18:56 of 3rd period - Wrist shot by Marian Gaborik.
18:56 of 3rd period - Stopped by Cory Schneider without a rebound.
18:57 of 3rd period - Pat Quinn call a timeout for Flyers.
18:57 of 3rd period - Jean-Gabriel Pageau wins face-off versus Brooks Laich in Flyers zone.
19:02 of 3rd period - Flyers, Cory Schneider is pulled from the net.
19:18 of 3rd period - Slapshot by Jean-Gabriel Pageau.
19:18 of 3rd period - Stopped by Maxime Daigneault with a rebound.
19:20 of 3rd period - Snap shot by Jeff Woywitka.
19:20 of 3rd period - Shot Misses the Net.
19:30 of 3rd period - Snap shot by Jakub Voracek.
19:30 of 3rd period - Shot Misses the Net.
19:32 of 3rd period - Wrist shot by Jeff Woywitka.
19:32 of 3rd period - Stopped by Maxime Daigneault with a rebound.
19:36 of 3rd period - Wrist shot by Jonathan Ericsson.
19:36 of 3rd period - Stopped by Maxime Daigneault with a rebound.
19:50 of 3rd period - Snap shot by Jakub Voracek.
19:50 of 3rd period - Shot Blocked by Greg Zanon.
19:52 of 3rd period - Slapshot by Jean-Gabriel Pageau.
19:52 of 3rd period - Goal by Jean-Gabriel Pageau - Coyotes : 4 - Flyers : 4.
19:52 of 3rd period - Cory Schneider from Flyers was sent back in the game.
19:53 of 3rd period - Nazem Kadri wins face-off versus Kyle Wellwood in neutral zone.
Goals for this period are 1 for Coyotes vs 1 for Flyers.
Shots for this period are 13 for Coyotes vs 6 for Flyers.
Overtime #1
0:01 of 1st overtime period - Brad Richards wins face-off versus Dany Heatley in neutral zone.
0:23 of 1st overtime period - Icing by Stephane Robidas.
0:24 of 1st overtime period - Dany Heatley wins face-off versus Brad Richards in Flyers zone.
0:39 of 1st overtime period - Icing by Jonathan Ericsson.
0:40 of 1st overtime period - Brad Richards wins face-off versus Dany Heatley in Flyers zone.
0:45 of 1st overtime period - Snap shot by Brad Richards.
0:45 of 1st overtime period - Shot Blocked by Jonathan Ericsson.
1:08 of 1st overtime period - Icing by Dany Heatley.
1:09 of 1st overtime period - Dany Heatley wins face-off versus Nazem Kadri in Flyers zone.
1:59 of 1st overtime period - Snap shot by Marian Gaborik.
1:59 of 1st overtime period - Stopped by Cory Schneider without a rebound.
2:00 of 1st overtime period - Nazem Kadri wins face-off versus Jean-Gabriel Pageau in Flyers zone.
4:23 of 1st overtime period - Jakub Voracek is hit by Nazem Kadri and loses puck.
4:28 of 1st overtime period - Snap shot by Marian Gaborik.
4:28 of 1st overtime period - Stopped by Cory Schneider with a rebound.
Goals for this period are 0 for Coyotes vs 0 for Flyers.
Shots for this period are 2 for Coyotes vs 0 for Flyers.
ShootOut
5:00 of 1st overtime period - Penalty Shot by Tyler Ennis for Coyotes.
5:00 of 1st overtime period - Backhand shot by Tyler Ennis.
5:00 of 1st overtime period - Stopped by Cory Schneider.
5:00 of 1st overtime period - Penalty Shot by Kyle Wellwood for Flyers.
5:00 of 1st overtime period - Deke by Kyle Wellwood.
5:00 of 1st overtime period - Goal by Kyle Wellwood.
5:00 of 1st overtime period - Penalty Shot by Marian Gaborik for Coyotes.
5:00 of 1st overtime period - Wrist shot by Marian Gaborik.
5:00 of 1st overtime period - Shot Misses the Net.
5:00 of 1st overtime period - Penalty Shot by Dany Heatley for Flyers.
5:00 of 1st overtime period - Wrist shot by Dany Heatley.
5:00 of 1st overtime period - Stopped by Maxime Daigneault.
5:00 of 1st overtime period - Penalty Shot by Zach Parise for Coyotes.
5:00 of 1st overtime period - Wrist shot by Zach Parise.
5:00 of 1st overtime period - Shot Misses the Net.
Back to the Top